 Dungeon Crawl Stone Soup version 0.31-a0-152-g6aa68a64a1 (webtiles) character file.

Game seed: 15261668003247094409

102 Ijustatesigmund the Stinger (level 4, -2/29 HPs)
             Began as an Octopode Venom Mage on June 9, 2023.
             Slain by an orc warrior
             ... wielding a +0 war axe
              (12 damage)
             ... on level 4 of the Dungeon.
             The game lasted 00:04:58 (2583 turns).

Ijustatesigmund the Stinger (Octopode Venom Mage)   Turns: 2583, Time: 00:05:00

Health: -2/29      AC:  1    Str: 13    XL:     4   Next: 77%
Magic:  4/8        EV: 13    Int: 19    God:
Gold:   205        SH:  0    Dex: 12    Spells: 2/8 levels left

rFire   . . .        n - staff of air
rCold   . . .        (no shield)
rNeg    . . .        (helmet restricted)
rPois   .            (no amulet)
rElec   +            h - +6 ring of strength
rCorr   .            (no ring)
SInv    .            (no ring)
Will    .....        (no ring)
Stlth   +++          (no ring)
HPRegen 0.24/turn    (no ring)
MPRegen 0.11/turn    (no ring)
                     (no ring)

%: no passive effects
@: no status effects
A: almost no armour, amphibious, 8 rings, camouflage 1, gelatinous body 1,
(nimble swimmer 1), tentacles
a: no special abilities


You were on level 4 of the Dungeon.
You visited 1 branch of the dungeon, and saw 4 of its levels.

You collected 205 gold pieces.

Inventory:

Hand Weapons
 f - a +1 rapier of draining
Armour
 m - a +1 kite shield
Magical Staves
 n - a staff of air (weapon)
Jewellery
 h - a +6 ring of strength (left tentacle)
Wands
 k - a wand of roots (10)
 q - a wand of light (3)
 r - a wand of flame (19)
Potions
 a - a potion of magic
 b - 2 potions of might
 c - 2 potions of heal wounds
 d - 2 potions of brilliance {unknown}
 e - a potion of attraction {unknown}
 j - a potion of haste {unknown}
 l - a potion of lignification {unknown}
 o - 4 potions of curing {unknown}
 p - 2 potions of resistance {unknown}


   Skills:
 - Level 1.7 Fighting
 + Level 0.3 Staves
 - Level 2.0 Dodging
 - Level 2.6 Stealth
 + Level 2.7 Spellcasting
 + Level 0.4 Conjurations
 - Level 1.2 Transmutations
 + Level 1.6 Air Magic
 + Level 4.4 Poison Magic


You had 2 spell levels left.
You knew the following spells:

 Your Spells              Type           Power      Damage    Failure   Level
a - Sting                 Tmut/Pois      52%        1d5       4%          1
b - Poisonous Vapours     Pois/Air       42%        N/A       7%          2
c - Mephitic Cloud        Conj/Pois/Air  16%        N/A       19%         3

Your spell library contained the following spells:

 Spells                   Type           Power      Damage    Failure   Level
 Apportation              Tloc           4%         N/A       16%         1
 Olgreb's Toxic Radiance  Pois           19%        N/A       26%         4
 Dazzling Flash           Conj/Hex       6%         N/A       41%         3
 Ozocubu's Armour         Ice            2%         N/A       43%         3
 Alistair's Intoxication  Tmut/Pois      8%         N/A       80%         5
 Silence                  Hex/Air        4%         N/A       97%         5
 Agony                    Necr           2%         N/A       99%         5
 Metabolic Englaciation   Hex/Ice        1%         N/A       99%         5
 Simulacrum               Ice/Necr       1%         N/A       100%        6


Dungeon Overview and Level Annotations

Branches:
Dungeon (4/15)
 Temple: D:4-7

Altars:
Qazlal


Innate Abilities, Weirdness & Mutations

You cannot wear most types of armour.
You are amphibious.
You can wear up to eight rings at the same time.
Your skin changes colour to match your surroundings (Stealth+).
Your rubbery body absorbs attacks. (AC +1, EV +1)
((You are camouflaged when in or above water. (Stealth+)))
You have tentacles for arms and can constrict up to eight enemies at once.


Message History

It was a scroll of blinking.
Magic restored.
You now have 205 gold pieces (gained 15).
Found an escape hatch in the ceiling.
An orc warrior comes into view. It is wielding a +0 war axe.
An orc comes into view. It is wielding a +0 club.
Casting: Poisonous Vapours (safe; 7% risk of failure)
Confirm with . or Enter, or press ? or * to list all spells.
Aiming: Poisonous Vapours (safe; 7% risk of failure)
Press: ? - help, Dir - move target, f - orc warrior
Aim: an orc warrior, wielding a +0 war axe and wearing a +0 plate armour (wandering, hasn't noticed you)
You feel a surge of power!
Poisonous vapours surround the orc warrior!
The orc warrior is poisoned.
The orc shouts!
Casting: Poisonous Vapours (safe; 7% risk of failure)
Confirm with . or Enter, or press ? or * to list all spells.
Aiming: Sting (safe; 4% risk of failure)
Press: ? - help, Shift-Dir - straight line, f/p - orc warrior
Aim: an orc warrior, wielding a +0 war axe and wearing a +0 plate armour (very poisoned, 71% to hit)
The sting misses the orc warrior.
Casting: Sting (safe; 4% risk of failure)
Confirm with . or Enter, or press ? or * to list all spells.
Aiming: Sting (safe; 4% risk of failure)
Press: ? - help, Shift-Dir - straight line, f/p - orc warrior
Aim: an orc warrior, wielding a +0 war axe and wearing a +0 plate armour (lightly wounded, very poisoned, 71% to hit)
The sting misses the orc warrior.
You hit the orc warrior but do no damage.
Your grab misses the orc warrior.
The orc warrior is lightly wounded.
An orc comes into view. It is wielding a +0 club.
The orc warrior hits you with a +0 war axe!
The orc shouts!
You hit the orc warrior but do no damage.
Your grab misses the orc warrior. You squeeze the orc warrior.
The orc warrior is moderately wounded.
The orc warrior hits you with a +0 war axe!
The orc hits you with a +0 club.
The orc warrior hits you with a +0 war axe!
You die...

.. :. .# # #.# .#
#####.###.##.# ..
.........##.###
....###o.........#..
..o....o@...........
.#.###......###..#.
##.....###....
##.....##)#.#
#.......#.#<#
##.....##<#.#
##...###.#.#
##........#
#.......#######


You could see an orc warrior (poisoned) and 2 orcs.

Vanquished Creatures
  6 adders
  2 worms
  A dart slug (D:1)
  An orc (D:3)
  9 bats
  4 endoplasms
  A giant cockroach (D:3)
  A hobgoblin (D:2)
  2 jackals (D:2)
  4 quokkas
  A ball python (D:1)
  2 frilled lizards
  2 goblins (D:2)
  2 kobolds
  4 rats
42 creatures vanquished.

Notes
Turn   | Place    | Note
-------+----------+-------------------------------------------
     0 | D:1      | Ijustatesigmund the Octopode Venom Mage began the quest for
                  | the Orb.
     0 | D:1      | Reached XP level 1. HP: 11/11 MP: 3/3
   357 | D:1      | Reached XP level 2. HP: 6/18 MP: 1/5
   511 | D:1      | Learned a level 2 spell: Poisonous Vapours
   797 | D:1      | Found a faded altar of an unknown god.
  1077 | D:2      | Reached skill level 1 in Fighting
  1077 | D:2      | Reached skill level 4 in Poison Magic
  1077 | D:2      | Reached XP level 3. HP: 20/23 MP: 3/6
  1137 | D:2      | Reached skill level 1 in Air Magic
  1154 | D:2      | Found a stormy altar of Qazlal.
  1820 | D:3      | Reached XP level 4. HP: 28/28 MP: 4/7
  2127 | D:3      | Learned a level 3 spell: Mephitic Cloud
  2577 | D:4      | Noticed an orc warrior
  2583 | D:4      | Slain by an orc warrior

Illustrated notes

Levels and vault maps discovered:
D:1:      lightli_arrival_quake, layout_rooms, shapermc_ecumenical_altar_pompeii
D:2:      layout_basic, basic_altar, minmay_pentomino_q4
D:3:      layout_rooms
D:4:      layout_loops_ring, nicolae_titane

Skill      XL: |  1  2  3 |
---------------+----------+-----
Fighting       | 1 |  1.7
Poison Magic   | 4 |  4.4
Air Magic      | 1 |  1.6
Staves         | |  0.3
Dodging        | |  2.0
Stealth        | |  2.6
Spellcasting   | |  2.7
Conjurations   | |  0.4
Transmutations | |  1.2

Action                     |  1- 3 |  4- 6 || total
---------------------------+-------+-------++-------
  Melee: Unarmed           |    18 |       ||    18
         Tentacles         |    13 |     9 ||    22
         Constrict         |    11 |     7 ||    18
         Rapier            |    25 |       ||    25
         Punch             |     2 |       ||     2
         Staff             |    22 |    26 ||    48
   Cast: Sting             |     5 |     2 ||     7
         Poisonous Vapours |     9 |    11 ||    20
    Use: Scroll            |     3 |     5 ||     8
   Stab: Sleeping          |     6 |     3 ||     9
 Armour: Skin              |    13 |     2 ||    15
  Dodge: Dodged            |    45 |     9 ||    54

Table legend: (Time is in decaauts)
 A = Elapsed time spent in this place.
 B = Non-inter-level travel time spent in this place.
 C = Inter-level travel time spent in this place.
 D = Time resting spent in this place.
 E = Time spent auto-exploring this place.
 F = Levels seen in this place.
 G = Mean time per level.
                   A        B        C        D        E       F      G
               +--------+--------+--------+--------+--------+-----+--------+
         Total |   2594 |   2530 |     64 |    465 |   1685 |   4 |  648.5 |
       Dungeon |   2594 |   2530 |     64 |    465 |   1685 |   4 |  648.5 |
               +--------+--------+--------+--------+--------+-----+--------+

Top non-repeatable levels by time:
     D:2: 881 daAuts
     D:1: 864 daAuts
     D:3: 771 daAuts
     D:4: 76 daAuts
